 Dungeon Crawl Stone Soup version 0.15-a0-1293-g4a08026 (webtiles) character file.

172 Quh the Shooter (level 5, -3/37 HPs)
             Began as a Demonspawn Hunter on June 6, 2014.
             Was an Initiate of Makhleb.
             Killed from afar by ketsa's ghost (10 damage)
             ... with a magic dart
             ... on Level 3 of the Dungeon.
             The game lasted 00:09:59 (2997 turns).

Quh the Shooter (Demonspawn Hunter)                 Turns: 2997, Time: 00:09:59

HP  -3/37        AC 12     Str 14      XL: 5   Next: 27%
MP   5/5         EV  3     Int 12      God: Makhleb [......]
Gold 203         SH  0     Dex 13      Spells:  1 memorised,  3 levels left

rFire  . . .     SeeInvis .     a - +0,+4 short sword
rCold  . . .     Clarity  .     w - +0 plate armour (curse)
rNeg   . . .     rCorr    .     (no shield)
rPois  .         rRot     +     (no helmet)
rElec  .         Spirit   .     (no cloak)
SustAb .         Warding  .     (no gloves)
rMut   .         Stasis   .     (no boots)
Gourm  .                        (no amulet)
MR     .....                    (no ring)
                                (no ring)

@: not resistant to hostile enchantments, extremely unstealthy
A: hooves 1, yellow scales 1, rot immunity
a: Renounce Religion


You were on level 3 of the Dungeon.
You worshipped Makhleb.
Makhleb was noncommittal.
You were not hungry.

You visited 1 branch of the dungeon, and saw 3 of its levels.

You collected 203 gold pieces.

Inventory:

Hand weapons
 a - a +0,+4 short sword (weapon)
 b - a +1,+1 shortbow
 h - a +0,+0 short sword
Missiles
 e - 68 stones (quivered)
 i - 6 tomahawks
Armour
 d - a +0 leather armour
 q - a +0 scale mail
 r - a +2 leather armour
 w - a cursed +0 plate armour (worn)
Comestibles
 f - 3 bread rations
 o - a beef jerky
 t - 4 meat rations
Scrolls
 g - 4 scrolls of identify {unknown}
 j - 2 scrolls of remove curse {unknown}
 k - 2 scrolls of fog {unknown}
 l - 3 scrolls of magic mapping {unknown}
 n - 2 scrolls of teleportation {unknown}
 u - a scroll of recharging {unknown}
 v - a scroll of enchant armour {unknown}
 y - a scroll of enchant weapon II {unknown}
Potions
 m - a potion of restore abilities {unknown}
 p - a potion of curing
 s - 2 potions of poison {unknown}
Books
 x - a book of Party Tricks

   Spells                             Type                      Level
   Summon Butterflies                 Summoning                    1
   Apportation                        Translocation                1
   *Blink                             Translocation                2
   Tukima's Dance                     Hexes                        3
   Alistair's Intoxication            Transmutation/Poison         4


   Skills:
 - Level 1.0 Fighting
 * Level 5.6 Bows
 - Level 1.7 Dodging
 - Level 0.8 Stealth
 + Level 0.5 Spellcasting
 * Level 1.5 Translocations


You had 3 spell levels left.
You knew the following spells:

 Your Spells              Type           Power        Failure   Level  Hunger
a - Blink                 Tloc           N/A          100%        2    ###....


Dungeon Overview and Level Annotations

Branches:
Dungeon (3/15)

Altars:
Makhleb

Annotations:
D:3 ketsa's ghost, average DECj


Innate Abilities, Weirdness & Mutations

You have large cloven feet.
You are partially covered in yellow scales (AC +2).
You are immune to rotting.


Message History

* * * LOW HITPOINT WARNING * * *
You hit ketsa's ghost but do no damage.
Ketsa's ghost is severely damaged.
Ketsa's ghost casts a spell at you. The magic dart hits you!
You hit ketsa's ghost but do no damage.
You kick ketsa's ghost, but do no damage.
Ketsa's ghost is severely damaged.
Ketsa's ghost hits you but does no damage.
You hit ketsa's ghost but do no damage.
You kick ketsa's ghost, but do no damage.
Ketsa's ghost is severely damaged.
Ketsa's ghost hits you but does no damage.
Ketsa's ghost hits you.
* * * LOW HITPOINT WARNING * * *
You hit ketsa's ghost but do no damage.
Ketsa's ghost is severely damaged.
Ketsa's ghost points at you and mumbles some strange words.
The magic dart hits you!
You die...

.###.#.#
#......#
.......#
######.#
####.###
#.# ####.#
#.# .....#
#.# ...###
#.# ##.#
#.# .# #.#
# #@# #W#
#.# #.#
#.# #.#
#.# #.#
.....(((.#


You could see ketsa's ghost.

Vanquished Creatures
  An orc priest (D:3)
  7 adders
  3 worms
  4 giant geckos
  4 orcs (D:3)
  2 giant cockroaches
  4 goblins
  7 hobgoblins
  3 jackals (D:2)
  A ball python (D:1)
  7 bats
  6 kobolds
  10 rats
59 creatures vanquished.

Notes
Turn   | Place    | Note
--------------------------------------------------------------
     0 | D:1      | Quh, the Demonspawn Hunter, began the quest for the Orb.
     0 | D:1      | Reached XP level 1. HP: 15/15 MP: 1/1
   321 | D:1      | Reached skill level 4 in Bows
   328 | D:1      | Gained mutation: You are immune to rotting. [demonic ancestry]
   328 | D:1      | Reached XP level 2. HP: 9/21 MP: 2/2
  1209 | D:2      | Gained mutation: You are partially covered in yellow scales (AC +2). [demonic ancestry]
  1209 | D:2      | Reached XP level 3. HP: 2/26 MP: 3/3
  1771 | D:2      | Reached skill level 5 in Bows
  1813 | D:2      | Gained mutation: You have large cloven feet. [demonic ancestry]
  1813 | D:2      | Reached XP level 4. HP: 22/32 MP: 4/4
  2128 | D:2      | Learned a level 2 spell: Blink
  2299 | D:2      | Found a burning altar of Makhleb.
  2300 | D:2      | Noticed an Executioner
  2305 | D:2      | Noticed an orange demon
  2305 | D:2      | Noticed an orange demon
  2307 | D:2      | Became a worshipper of Makhleb the Destroyer
  2571 | D:3      | Reached skill level 1 in Translocations
  2571 | D:3      | Reached XP level 5. HP: 26/37 MP: 5/5
  2955 | D:3      | Noticed ketsa's ghost (average DECj)
  2997 | D:3      | Killed from afar by ketsa's ghost

Action                   |  1- 3 |  4- 6 || total
-------------------------+-------+-------++-------
Melee: Short sword       |   101 |    68 ||   169
 Fire: Shortbow          |     4 |    36 ||    40
Throw: Stone             |    54 |    19 ||    73
  Use: Potion            |     1 |       ||     1
